 Dungeon Crawl Stone Soup version 0.27-a0-1442-g87b6fcb595 (webtiles) character file.

Game seed: 14874067496905836479

58 barkas the Ruffian (level 4, -15/35 (39) HPs)
             Began as a Naga Transmuter on July 4, 2021.
             Killed by an exploding necrophage (38 damage)
             ... ignited by their inner flame
             ... on level 2 of the Dungeon.
             The game lasted 00:01:49 (2253 turns).

barkas the Ruffian (Naga Transmuter)                Turns: 2253, Time: 00:01:50

HP:   -15/35 (39)   AC:  2    Str: 13    XL:     4   Next: 2%
MP:   7/7           EV: 10    Int: 13    God:
Gold: 26            SH:  0    Dex: 12    Spells: 6/7 levels left

rFire    . . .     SeeInvis +     - Unarmed
rCold    . . .     Faith    .   (no shield)
rNeg     . . .     Spirit   .   a - +0 robe
rPois    +         Reflect  .   (helmet currently unavailable)
rElec    .         Harm     .   (no cloak)
rCorr    .         Rampage  .   (no gloves)
Will     .....                  (no barding)
Stlth    +.........             (no amulet)
HPRegen  0.11/turn              (no ring)
MPRegen  0.10/turn              (no ring)

@: appendages (expiring), heavily drained, very slow
A: horns 2, AC +1, large, see invisible, deformed body, poison resistance,
slowness 2, spit poison 1, naga tail 1
a: Spit Poison, End Transformation


You were on level 2 of the Dungeon.
You had temporarily grown beastly horns.
You visited 1 branch of the dungeon, and saw 2 of its levels.

You collected 26 gold pieces.

Inventory:

Armour
 a - a +0 robe (worn)
Jewellery
 d - an amulet of faith


   Skills:
 + Level 1.7 Fighting
 + Level 2.0 Dodging
 * Level 3.8 Unarmed Combat
 - Level 2.0 Spellcasting
 + Level 2.5 Transmutations


You had 6 spell levels left.
You knew the following spells:

 Your Spells              Type           Power      Damage    Failure   Level
a - Beastly Appendage     Tmut           14%        N/A       9%          1

Your spell library contained the following spells:

 Spells                   Type           Power      Damage    Failure   Level
 Wereblood                Tmut           7%         N/A       14%         2
 Spider Form              Tmut/Pois      2%         N/A       41%         3
 Ice Form                 Ice/Tmut       4%         N/A       83%         4


Dungeon Overview and Level Annotations

Branches:
Dungeon (2/15)

Altars:


Innate Abilities, Weirdness & Mutations

You have temporarily grown beastly horns.
Your serpentine skin is tough. (AC +1)
You have supernaturally acute eyesight. (SInv)
Armour fits poorly on your strangely shaped body.
Your system is resistant to poisons. (rPois)
You cover ground very slowly.
You can spit poison.
You have a snake-like lower body.


Message History

Press: ? - help, Shift-Dir - straight line, f - necrophage
Aim: a necrophage (wandering, hasn't noticed you)
The splash of poison misses the necrophage.
Unknown command.
Casting: Beastly Appendage (safe; 9% risk of failure)
Confirm with . or Enter, or press ? or * to list all spells.
You grow a pair of large bovine horns.
You aren't carrying any items that you can evoke.
Unknown command.
It was a potion of magic.
Magic courses through your body.
You have got your breath back.
It was a potion of heal wounds.
You feel much better.
As you read the scroll labelled KOLEEC NANORR, it crumbles to dust.
The creatures around you are filled with an inner flame!
It was a scroll of immolation.
The necrophage misses you.
As you read the scroll labelled OVVALA CAR TEE, it crumbles to dust.
It is a scroll of identify.
You don't have any unidentified items.
The necrophage closely misses you. The necrophage hits you.
You feel drained.
You hit the necrophage but do no damage.
The necrophage hits you.
You feel drained.
You hit the necrophage but do no damage.
You barely miss the necrophage. The necrophage hits you.
You hit the necrophage.
Flame seeps out of the necrophage.
The necrophage is lightly damaged.
The necrophage is engulfed in blazing flames.
Flame seeps out of the necrophage.
The necrophage barely misses you.
The necrophage is engulfed in blazing flames.
Flame seeps out of the necrophage.
The necrophage hits you.
You feel drained.
A goblin comes into view. It is wielding a +0 dagger.
Your transformation is almost over.
You closely miss the necrophage.
The necrophage is almost destroyed.
The necrophage hits you.
You hit the necrophage.
The necrophage explodes!
The fiery explosion engulfs you!!!
Ouch! That really hurt!
You die...

##.###.####..# ......# .#
#..<.....##..###### ##.##.##.#
.....#.#.##..##...#####........#
.......#.....##.#....#.........#
.....#......#...#....#........###
#...#########.#####..#..##.......
##.## #...#§§..#..#.....##. ###
###.#§##.†........##.
#.@§####..#.##..##. ##.##
#........##. #.# ##.....).##. #.#
#.....####. #.# #.....# ## #.###
#.....# # #...# #.....# ## ###.#
#.....# ##. ##.############..


There were no monsters in sight!

Vanquished Creatures
  A necrophage (D:2)
  2 adders (D:2)
  A worm (D:2)
  A dart slug (D:1)
  2 ball pythons (D:1)
  4 bats (D:1)
  5 endoplasms (D:1)
  A giant cockroach (D:2)
  2 goblins (D:1)
  3 hobgoblins
  3 jackals (D:1)
  3 kobolds (D:1)
  A quokka (D:1)
  3 frilled lizards (D:1)
  A rat (D:1)
33 creatures vanquished.

Notes
Turn   | Place    | Note
-------+----------+-------------------------------------------
     0 | D:1      | barkas the Naga Transmuter began the quest for the Orb.
     0 | D:1      | Reached XP level 1. HP: 18/18 MP: 3/3
   384 | D:1      | Reached XP level 2. HP: 22/25 MP: 3/5
  1196 | D:1      | Reached XP level 3. HP: 31/31 MP: 3/6
  2138 | D:2      | Reached XP level 4. HP: 33/39 MP: 5/7
  2237 | D:2      | Noticed a necrophage
  2253 | D:2      | Killed a necrophage
  2253 | D:2      | Killed by an exploding necrophage... ignited by their inner
                  | flame

Illustrated notes

Levels and vault maps discovered:
D:1:      saegor_arrival_under_anarchy, layout_loops_ring, st_stairs_5
D:2:      layout_loops_cross

Skill      XL: |  1  2  3 |
---------------+----------+-----
Dodging        | 2 |  2.0
Fighting       | |  1.7
Unarmed Combat | |  3.8
Spellcasting   | |  2.0
Transmutations | |  2.5

Action                   |  1- 3 |  4- 6 || total
-------------------------+-------+-------++-------
Melee: Unarmed           |    86 |     6 ||    92
       Headbutt          |    14 |       ||    14
       Punch             |     2 |       ||     2
 Cast: Beastly Appendage |    20 |     1 ||    21
 Abil: Spit Poison       |    23 |     1 ||    24
  Use: Scroll            |       |     2 ||     2
       Potion            |       |     2 ||     2
Armor: Robe              |    14 |       ||    14
Dodge: Dodged            |    46 |     3 ||    49

Table legend: (Time is in decaauts)
 A = Elapsed time spent in this place.
 B = Non-inter-level travel time spent in this place.
 C = Inter-level travel time spent in this place.
 D = Time resting spent in this place.
 E = Time spent auto-exploring this place.
 F = Levels seen in this place.
 G = Mean time per level.
                   A        B        C        D        E       F      G
               +--------+--------+--------+--------+--------+-----+--------+
         Total |   2582 |   2531 |     51 |    153 |   2104 |   2 | 1291.0 |
       Dungeon |   2582 |   2531 |     51 |    153 |   2104 |   2 | 1291.0 |
               +--------+--------+--------+--------+--------+-----+--------+

Top non-repeatable levels by time:
     D:1: 2099 daAuts
     D:2: 482 daAuts
